 Dungeon Crawl Stone Soup version 0.22-a0-612-gd2f0174 (webtiles) character file.

11505 sking99 the Severer (level 11, -15/141 HPs)
             Began as a Minotaur Berserker on July 11, 2018.
             Was an Elder of Trog.
             Demolished by a swamp worm (16 damage)
             ... on level 1 of the Lair of Beasts.
             The game lasted 00:21:02 (12355 turns).

sking99 the Severer (Minotaur Berserker)           Turns: 12355, Time: 00:21:04

Health: -15/141    AC: 20    Str: 28    XL:     11   Next: 50%
Magic:  10/10      EV: 12    Int:  7    God:    Trog [****..]
Gold:   691        SH:  0    Dex: 12    Spells: 10/10 levels left

rFire    . . .     SeeInvis .   t - +4 battleaxe (elec)
rCold    . . .     Gourm    .   (shield currently unavailable)
rNeg     . . .     Faith    .   o - +0 plate armour
rPois    +         Spirit   .   m - +2 hat {Int+3}
rElec    .         Reflect  .   D - +0 cloak {rPois}
rCorr    +         Harm     .   n - +1 pair of gloves
MR       .....                  (no boots)
Stlth    ..........             (no amulet)
HPRegen  0.33/turn              d - ring of resist corrosion
MPRegen  0.12/turn              (no ring)

@: berserking, about to teleport, slow
A: retaliatory headbutt, horns 2
a: Berserk, Trog's Hand, Brothers in Arms, Renounce Religion


You were on level 1 of the Lair of Beasts.
You worshipped Trog.
Trog was greatly pleased with you.
You were very hungry.

You visited 2 branches of the dungeon, and saw 11 of its levels.
You also visited: Sewer.

You collected 691 gold pieces.

Inventory:

Hand Weapons
 t - a +4 battleaxe of electrocution (weapon)
Armour
 m - a +2 hat of intelligence (worn)
 n - a +1 pair of gloves (worn)
 o - a +0 plate armour (worn)
 D - a +0 cloak of poison resistance (worn)
Jewellery
 d - a ring of resist corrosion (left hand)
 H - an uncursed ring of fire
Wands
 v - a wand of scattershot (6)
 y - a wand of digging (18)
 B - a wand of acid (13)
 C - a wand of iceblast (11)
 E - a wand of flame (61)
 F - a wand of random effects (30)
Scrolls
 a - 2 scrolls of identify
 g - 7 scrolls of remove curse
 i - 3 scrolls of enchant armour
 k - 4 scrolls of teleportation
 x - a scroll of magic mapping
 z - a scroll of immolation
Potions
 b - 2 potions of lignification
 e - 2 potions of degeneration
 f - 5 potions of curing
 h - 3 potions of heal wounds
 j - 3 potions of magic
 l - a potion of resistance
 p - a potion of might {unknown}
 q - a potion of ambrosia {unknown}
 r - a potion of mutation {unknown}
 s - a potion of haste {unknown}
 u - 2 potions of experience {unknown}
 A - a potion of flight
Comestibles
 c - 10 rations


   Skills:
 - Level 8.0 Fighting
 * Level 15.7 Axes
 + Level 9.5 Armour
 + Level 8.7 Dodging


You had 10 spell levels left.
You didn't know any spells.
Your spell library was empty.

Dungeon Overview and Level Annotations

Branches:
Dungeon (10/15)            Temple (0/1) D:5            Lair (1/6) D:10
    Orc: D:9-12

Altars:
Cheibriados
Elyvilon
Fedhas
Gozag
Hepliaklqana
Makhleb
Nemelex Xobeh
Wu Jian
Zin


Innate Abilities, Weirdness & Mutations

You reflexively headbutt those who attack you in melee.
You have a pair of horns on your head.


Message History

The swamp worm bites you.
* * * LOW HITPOINT WARNING * * *
The swamp worm bites you but does no damage.
The swamp worm closely misses you.
A red film seems to cover your vision as you go berserk!
You feel yourself moving faster!
You feel mighty!
You are feeling very hungry.
The swamp worm bites you but does no damage.
The swamp worm bites you!
* * * LOW HITPOINT WARNING * * *
The swamp worm bites you!
* * * LOW HITPOINT WARNING * * *
You open the swamp worm like a pillowcase!!!
You kill the swamp worm!
Trog accepts your kill.
You barely miss the swamp worm. You slice the swamp worm!!
The swamp worm bites you!
* * * LOW HITPOINT WARNING * * *
The swamp worm bites you!
You die...

#...# ##...#......P###...# #
#...## #............##.#### #
#....# ##...........##....# #
##....# #P.....#.....##.##.# #
#.....###...#.≈#≈≈≈≈≈≈≈.#..####
#.....#.......≈≈≈≈≈≈≈≈≈≈≈#.....
#........#...≈≈≈#######≈≈≈....P
###....####..≈≈≈#≈≈≈≈≈##≈≈.....
#..P.......≈@w≈≈≈≈≈≈/#≈≈P....
###......##..≈≈w#≈≈≈≈≈##≈≈.....
#.#......####≈≈≈#######≈≈≈.....
#.........##≈#≈≈≈≈≈≈≈≈≈≈≈......
#.#........##≈##≈≈≈≈≈≈≈........
###.##......########≈...#........
.#.......P### ##........(...
.#........# #.......#....
.#.....#### #............


You could see 2 swamp worms.

Vanquished Creatures
  A two-headed ogre (D:9)
  A spiny frog (Lair:1)
  A komodo dragon (Lair:1)
  3 hippogriffs
  Sigmund (D:5)
  11 yaks (D:10)
  A wraith (D:8)
  4 hungry ghosts
  Menkaure (D:7)
  2 swamp worms (Lair:1)
  5 orc warriors
  An ice beast (D:10)
  3 sky beasts
  5 centaurs
  4 ogres
  2 crocodiles
  A big kobold (D:9)
  6 bullfrogs
  3 gnoll sergeants
  2 wyvern zombies
  A scorpion (D:4)
  10 killer bees
  13 wights
  5 howler monkeys
  2 electric eels (D:10)
  7 crimson imps
  A bullfrog zombie (D:9)
  3 centaur zombies
  3 hounds
  5 jellies
  7 orc priests
  3 bullfrog skeletons
  Crazy Yiuf (D:2)
  12 orc wizards
  2 centaur skeletons (D:5)
  4 iguanas
  5 worker ants
  A hound zombie (D:9)
  2 hound skeletons
  A howler monkey zombie (D:6)
  9 adders
  16 gnolls
  A howler monkey skeleton (D:4)
  A river rat (D:5)
  2 shadow imps
  15 oozes
  2 adder skeletons
  3 worms
  12 leopard geckos
  25 orcs
  4 bats
  11 giant cockroaches
  4 goblins
  4 hobgoblins
  7 jackals
  6 quokkas
  7 ball pythons
  10 frilled lizards
  2 jackal skeletons
  A jackal zombie (D:5)
  8 kobolds
  A quokka skeleton (D:7)
  A quokka zombie (D:5)
  8 rats
  4 fungi (D:10)
  4 plants
314 creatures vanquished.

Vanquished Creatures (collateral kills)
  Fannar (Lair:1)
  A hydra (D:10)
  2 hippogriffs (Lair:1)
  A water moccasin (D:10)
  2 bullfrogs
  3 plants (D:10)
10 creatures vanquished.

Vanquished Creatures (others)
  2 plants (Lair:1)
2 creatures vanquished.

Grand Total: 326 creatures vanquished

Notes
Turn   | Place    | Note
-------+----------+-------------------------------------------
     0 | D:1      | sking99 the Minotaur Berserker began the quest for the Orb.
     0 | D:1      | Reached XP level 1. HP: 19/19 MP: 0/0
   525 | D:1      | Reached skill level 4 in Axes
   597 | D:1      | You fall through a shaft!
   793 | D:2      | Reached XP level 2. HP: 27/27 MP: 1/1
   900 | D:2      | Reached XP level 3. HP: 33/33 MP: 2/2
  1273 | D:2      | Reached skill level 5 in Axes
  1294 | D:2      | Found a runed door.
  1540 | D:2      | Noticed Crazy Yiuf
  1543 | D:2      | Killed Crazy Yiuf
  1543 | D:2      | Reached XP level 4. HP: 41/41 MP: 3/3
  1849 | D:3      | Found a burning altar of Makhleb.
  1952 | D:3      | Reached ** piety under Trog
  1963 | D:3      | Reached skill level 5 in Fighting
  1963 | D:3      | Reached skill level 6 in Axes
  1963 | D:3      | Reached XP level 5. HP: 48/48 MP: 4/4
  2062 | D:3      | Found a sparkling altar of Nemelex Xobeh.
  3116 | D:4      | Reached skill level 7 in Axes
  3116 | D:4      | Reached XP level 6. HP: 47/56 MP: 5/5
  3853 | D:4      | Found a white marble altar of Elyvilon.
  3854 | D:4      | Found a hazy altar of Hepliaklqana.
  3864 | D:4      | Found a glowing silver altar of Zin.
  4124 | D:5      | Entered Level 5 of the Dungeon
  4124 | D:5      | Noticed a sky beast
  4130 | D:5      | Killed a sky beast
  4130 | D:5      | Reached skill level 8 in Axes
  4130 | D:5      | Reached XP level 7. HP: 63/63 MP: 6/6
  4165 | D:5      | Found an opulent altar of Gozag.
  4199 | D:5      | Found a staircase to the Ecumenical Temple.
  4264 | D:5      | Noticed Sigmund
  4277 | D:5      | Killed Sigmund
  4277 | D:5      | Reached skill level 9 in Axes
  4469 | D:5      | Found a glowing drain.
  4487 | Sewer    | Entered a sewer
  4506 | Sewer    | Reached *** piety under Trog
  4640 | Sewer    | Reached XP level 8. HP: 73/73 MP: 7/7
  4705 | Sewer    | Reached **** piety under Trog
  4723 | Sewer    | Reached skill level 10 in Axes
  5025 | D:5      | Found an opulent altar of Gozag.
  5663 | D:6      | Reached skill level 11 in Axes
  5709 | D:6      | Found a snail-covered altar of Cheibriados.
  5907 | D:6      | Found a blossoming altar of Fedhas.
  6724 | D:7      | Reached XP level 9. HP: 79/81 MP: 8/8
  7079 | D:7      | Reached skill level 12 in Axes
  7098 | D:7      | Reached skill level 5 in Armour
  7482 | D:7      | Noticed Menkaure
  7484 | D:7      | Reached skill level 5 in Dodging
  7488 | D:7      | Killed Menkaure
  7518 | D:7      | Reached ***** piety under Trog
  7981 | D:8      | Reached skill level 13 in Axes
  8091 | D:8      | Found an ornate altar of the Wu Jian Council.
  8113 | D:8      | Reached XP level 10. HP: 77/88 MP: 9/9
  8507 | D:8      | Received a gift from Trog
  9130 | D:9      | Reached skill level 14 in Axes
  9773 | D:9      | Noticed a two-headed ogre
  9777 | D:9      | Killed a two-headed ogre
 10137 | D:10     | Entered Level 10 of the Dungeon
 10564 | D:10     | Found a staircase to the Lair.
 11059 | D:10     | Reached XP level 11. HP: 94/94 MP: 10/10
 11128 | D:10     | Reached skill level 15 in Axes
 11183 | D:10     | Received a gift from Trog
 11541 | Lair:1   | Entered Level 1 of the Lair of Beasts
 11541 | Lair:1   | Noticed Fannar
 11541 | Lair:1   | Noticed an eight-headed hydra
 11559 | D:10     | Killed an eight-headed hydra
 11801 | Lair:1   | Killed Fannar
 12355 | Lair:1   | HP: 1/141 [swamp worm (16)]
 12355 | Lair:1   | Demolished by a swamp worm

Vault maps used:
D:1:      minmay_arrival_four_circles
D:2:      cheibrodos_gnoll_hut, uniq_crazy_yiuf_cottage
D:3:      lemuel_round_altar, lemuel_round_altar
D:4:      chequers_temple_overflow_statue_of_worship, kennysheep_mini
D:5:      grunt_gozag_statues, minmay_temple_entry_butterflies, first_ration,
          portal_sewer_entry_c, basic_altar, uniq_sigmund
D:6:      nicolae_overflow_crystal_walls, marbit_many_paths
D:7:      uniq_menkaure
D:8:      old_standard_altar, grunt_decor_mini_mirrors,
          hangedman_little_slice_of_home
D:10:     dpeg_oklobed_lair, water_boxes_lemuel
Lair:1:   serial_bayou_pond_e, worms_lemuel, serial_bayou_shore_b,
          infiniplex_staircase_pool_2, uniq_fannar
Sewer:    sewer_frog_island_02

Skill      XL: |  1  2  3  4  5  6  7  8  9 10 11 |
---------------+----------------------------------+-----
Axes           | 4 5 6 7 8 9 11 13 14 15 | 15.7
Fighting       | 4 5 6 7 8 |  8.0
Armour         | 4 6 8 9 |  9.5
Dodging        | 3 5 7 8 |  8.7

Action                   |  1- 3 |  4- 6 |  7- 9 | 10-12 || total
-------------------------+-------+-------+-------+-------++-------
Melee: Hand axe          |    43 |   101 |   171 |       ||   315
       Headbutt          |     9 |    15 |    66 |    63 ||   153
       War axe           |       |       |   132 |       ||   132
       Broad axe         |       |       |    55 |       ||    55
       Battleaxe         |       |       |    26 |   304 ||   330
Invok: Berserk           |     2 |     2 |     5 |     4 ||    13
       Brothers in Arms  |       |       |       |     3 ||     3
  Use: Scroll            |       |     6 |       |    11 ||    17
       Potion            |       |       |       |     2 ||     2
  Eat: Chunk             |     3 |     5 |    18 |    13 ||    39
       Ration            |       |     1 |     3 |     3 ||     7
Armor: Scale mail        |    25 |     9 |       |       ||    34
       Chain mail        |       |    46 |   145 |       ||   191
       Plate armour      |       |       |    76 |   210 ||   286
Dodge: Dodged            |    29 |    40 |   151 |   151 ||   371

Table legend:
 A = Spawn XP
 B = Non-spawn XP
 C = Spawn XP percentage of total XP
 D = Spawn monster count
 E = Non-spawn monster count
 F = Spawn count percentage of total count
 G = Total turns spent on level
                    A         B        C        D         E        F      G
               +---------+---------+-------+---------+---------+-------+---------
         Total |       0 |   16436 |   0.0 |       0 |     313 |   0.0 | 12355
               +---------+---------+-------+---------+---------+-------+---------
           D:1 |       0 |       8 |   0.0 |       0 |       6 |   0.0 |   781
           D:2 |       0 |      99 |   0.0 |       0 |      17 |   0.0 |  1062
           D:3 |       0 |     197 |   0.0 |       0 |      29 |   0.0 |  1153
           D:4 |       0 |     201 |   0.0 |       0 |       9 |   0.0 |  1128
           D:5 |       0 |    1184 |   0.0 |       0 |      33 |   0.0 |   886
           D:6 |       0 |     438 |   0.0 |       0 |      16 |   0.0 |   947
           D:7 |       0 |    2293 |   0.0 |       0 |      44 |   0.0 |  1450
           D:8 |       0 |    2042 |   0.0 |       0 |      42 |   0.0 |   932
           D:9 |       0 |    2773 |   0.0 |       0 |      33 |   0.0 |  1357
          D:10 |       0 |    4560 |   0.0 |       0 |      38 |   0.0 |  1644
        Lair:1 |       0 |    2322 |   0.0 |       0 |       9 |   0.0 |   574
         Sewer |       0 |     319 |   0.0 |       0 |      37 |   0.0 |   441
               +---------+---------+-------+---------+---------+-------+---------
